 Dungeon Crawl Stone Soup version 0.26-a0-542-gbaa144ba5c (webtiles) character file.

Game seed: 15986528057779511952

352 BeastOfSaturn the Slasher (level 6, -3/72 HPs)
             Began as a Demonspawn Fighter on Aug 17, 2020.
             Killed by divine providence
             ... invoked by an orc priest
              (12 damage)
             ... on level 4 of the Dungeon.
             The game lasted 00:04:08 (4226 turns).

BeastOfSaturn the Slasher (Demonspawn Fighter)      Turns: 4226, Time: 00:04:09

Health: -3/72      AC: 23    Str: 17    XL:     6   Next: 34%
Magic:  6/6        EV:  2    Int: 11    God:
Gold:   190        SH:  8    Dex: 12    Spells: 5/5 levels left

rFire    . . .     SeeInvis .   a - +0 long sword
rCold    . . .     Faith    .   c - +0 kite shield
rNeg     + + +     Spirit   .   (armour currently unavailable)
rPois    +         Reflect  .   (helmet currently unavailable)
rElec    .         Harm     .   (cloak currently unavailable)
rCorr    .         NoTele   +   (gloves currently unavailable)
MR       .....                  (boots currently unavailable)
Stlth    +.........             (no amulet)
HPRegen  0.22/turn              k - ring of positive energy
MPRegen  0.10/turn              (no ring)

@: agile, tree-form
A: powered by pain 1, freezing cloud immunity
a: no special abilities


You were on level 4 of the Dungeon.
You were a tree.
You visited 1 branch of the dungeon, and saw 4 of its levels.

You collected 190 gold pieces.

Inventory:

Hand Weapons
 a - a +0 long sword (weapon)
Armour
 b - a +0 scale mail (melded)
 c - a +0 kite shield (worn)
 h - a +0 pair of gloves (melded)
 j - a +0 pair of boots (melded)
Jewellery
 k - a ring of positive energy (left branch)
Wands
 m - a wand of acid (9)
Scrolls
 n - a scroll of remove curse {unknown}
Potions
 d - 2 potions of might
 e - a potion of lignification
 f - a potion of brilliance {unknown}
 g - a potion of magic {unknown}
 i - a potion of haste {unknown}
 l - a potion of mutation {unknown}


   Skills:
 * Level 4.1 Fighting
 * Level 4.3 Long Blades
 * Level 3.9 Armour
 * Level 1.6 Dodging
 - Level 2.6 Shields


You had 5 spell levels left.
You didn't know any spells.
Your spell library was empty.

Dungeon Overview and Level Annotations

Branches:
Dungeon (4/15)
 Temple: D:4-7

Altars:


Innate Abilities, Weirdness & Mutations

((Your flesh is cold resistant. (rC+)))
You sometimes gain a little power by taking damage.
You are immune to freezing clouds.


Message History

Really quaff the potion of lignification?
You turn into a tree.
Your +0 pair of gloves melds into your body.
Your +0 pair of boots melds into your body.
Your +0 scale mail melds into your body.
Your roots penetrate the ground.
You block the orc priest's attack. The orc hits you but does no damage.
You barely miss the orc priest.
The orc priest is heavily wounded.
You block the orc priest's attack.
The orc priest hits you but does no damage.
The orc hits you but does no damage.
You hit the orc priest.
The orc priest is severely wounded.
The orc priest hits you but does no damage.
The orc priest completely misses you. You block the orc's attack.
The orc priest hits you but does no damage.
The orc priest invokes the aid of Beogh against you.
Beogh smites you!
You die...

#.#.########..#...#
.#.#.# ...#...# #.#.##
##.#.. ### .#.#.# ...#.
.. #.#.## .#... #.#
.#.#.######.... ..#
#..........##.. ..#
.#.........##.####.##.#
#..........##.#)♣o[...##
.#.........##.#.oo.......
#.#.#####...........#####
.#.#.# #...............
#.#.## #....^....#.#...
.#.#. #.........#.#.... #
#. #.........#.# ...
###########.# #.


You could see 2 orc priests and an orc.

Vanquished Creatures
  An ogre (D:4)
  An orc priest (D:3)
  An orc wizard (D:3)
  A worker ant (D:4)
  3 gnolls (D:4)
  7 adders
  3 worms
  4 dart slugs
  3 leopard geckos
  12 orcs
  3 giant cockroaches
  4 goblins
  9 hobgoblins
  4 jackals
  7 kobolds
  11 bats
  4 frilled lizards
  A quokka skeleton (D:4)
  8 rats
87 creatures vanquished.

Notes
Turn   | Place    | Note
-------+----------+-------------------------------------------
     0 | D:1      | BeastOfSaturn the Demonspawn Fighter began the quest for
                  | the Orb.
     0 | D:1      | Reached XP level 1. HP: 18/18 MP: 1/1
   238 | D:1      | Gained mutation: You sometimes gain a little power by
                  | taking damage. [demonic ancestry]
   238 | D:1      | Reached XP level 2. HP: 24/24 MP: 2/2
   991 | D:2      | Gained mutation: Your flesh is cold resistant. (rC+)
                  | [demonic ancestry]
   991 | D:2      | Reached XP level 3. HP: 29/29 MP: 3/3
  1523 | D:2      | Found a faded altar of an unknown god.
  1821 | D:2      | Reached XP level 4. HP: 35/35 MP: 4/4
  1923 | D:2      | Reached skill level 1 in Dodging
  2803 | D:3      | Gained mutation: You are immune to freezing clouds.
                  | [demonic ancestry]
  2803 | D:3      | Reached XP level 5. HP: 36/41 MP: 5/5
  3842 | D:4      | Noticed an ogre
  3851 | D:4      | Killed an ogre
  3851 | D:4      | Reached XP level 6. HP: 18/48 MP: 6/6
  4226 | D:4      | Killed from afar by an orc priest

Illustrated notes

Levels and vault maps discovered:
D:1:      dpeg_arrival_solitude, layout_loops_corners
D:2:      layout_basic, chequers_ecumenical_altar_simple_redux
D:3:      layout_loops_cross
D:4:      layout_basic, minmay_temple_entry_wispy, serial_shops, shop,
          serial_bayou_pond_d, uniq_eustachio

Skill      XL: |  1  2  3  4  5 |
---------------+----------------+-----
Long Blades    | 2 3 4 |  4.3
Armour         | 3 |  3.9
Dodging        | 1 |  1.6
Fighting       | 4 |  4.1
Shields        | |  2.6

Action                   |  1- 3 |  4- 6 || total
-------------------------+-------+-------++-------
Melee: Long sword        |   109 |   210 ||   319
  Use: Scroll            |       |     1 ||     1
       Potion            |       |     1 ||     1
Armor: Scale mail        |    43 |   100 ||   143
       Skin              |       |     5 ||     5
Dodge: Dodged            |    27 |    58 ||    85
Block: Kite shield       |    59 |    84 ||   143
       Rpst.: Long sword |    16 |    20 ||    36

Table legend: (Time is in decaauts)
 A = Elapsed time spent in this place.
 B = Non-inter-level travel time spent in this place.
 C = Inter-level travel time spent in this place.
 D = Time resting spent in this place.
 E = Time spent auto-exploring this place.
 F = Levels seen in this place.
 G = Mean time per level.
                   A        B        C        D        E       F      G
               +--------+--------+--------+--------+--------+-----+--------+
         Total |   4331 |   4203 |    128 |    271 |   3288 |   4 | 1082.8 |
       Dungeon |   4331 |   4203 |    128 |    271 |   3288 |   4 | 1082.8 |
               +--------+--------+--------+--------+--------+-----+--------+

Top non-repeatable levels by time:
     D:2: 1447 daAuts
     D:3: 1424 daAuts
     D:1: 989 daAuts
     D:4: 470 daAuts
